Map: Whirlwind LE (Void)

Players

Emil - Winner!

  • Race: Zerg Zerg
  • League: Diamond
  • Spawn Location: 5:00

Starfury

  • Race: Protoss Protoss
  • League: Diamond
  • Spawn Location: 11:00

VOD

Have the link to the VOD?

Description

Time

  • Played on: Nov. 27, 2016, 5:53 p.m.
  • Length: 9:58
Show
View Real Time Build Order
Export as new Build Order

Emil Zerg - Winner!

Build Orders: Pool First, Muta Ling Bane 

Get SALT Encoding   

  12  0:04  Drone  
  13  0:22  Spawning Pool  
  12  0:32  Drone x2  
  14  0:39  Overlord  
  14  0:56  Extractor  
  13  1:09  Zergling x2  
  13  1:10  Zergling x4  
  16  1:22  Zergling x2  
  17  1:36  Zergling x2  
  17  1:38  Hatchery  
  17  2:08  Drone x3  
  19  2:25  Drone  
  20  2:30  Metabolic Boost  
  20  2:42  Drone  
  20  2:43  Drone  
  21  2:51  Queen  
  21  2:53  Queen  
  24  3:15  Evolution Chamber, Drone x4  
  27  3:23  Drone  
  27  3:25  Overlord  
  27  3:40  Overlord  
  27  3:48  Zergling x2  
  28  3:49  Zergling x6  
  28  3:53  Baneling Nest  
  31  3:55  Drone  
  31  4:04  Drone  
  31  4:05  Drone  
  31  4:08  Zerg Melee Weapons Level 1  
  33  4:15  Drone  
  33  4:16  Drone x5  
  39  4:27  Drone x3  
  42  4:37  Overlord  
  42  4:40  Baneling x2  
  42  4:46  Drone  
  42  4:48  Overlord x2  
  43  4:55  Drone x3  
  43  4:56  Drone x2  
  40  5:18  Drone x8  
  40  5:19  Drone  
  48  5:34  Baneling x3, Drone  
  48  5:35  Drone x2  
  51  5:38  Extractor  
  51  5:39  Spore Crawler, Extractor  
  51  5:41  Spine Crawler  
  47  5:44  Overlord x2  
  46  5:55  Overlord x2  
  46  5:58  Extractor  
  45  6:07  Pneumatized Carapace  
  45  6:11  Overlord x2  
  45  6:19  Zergling x2  
  45  6:20  Zergling x6  
  45  6:24  Lair  
  49  6:30  Hatchery  
  48  6:36  Drone  
  48  6:37  Drone x4  
  53  6:49  Queen  
  55  7:02  Drone  
  55  7:03  Drone x6  
  55  7:07  Baneling x3  
  62  7:16  Drone x3  
  62  7:20  Roach Warren  
  62  7:21  Spore Crawler  
  63  7:25  Queen  
  65  7:36  Overlord x3  
  61  8:01  Spire  
  61  8:02  Drone  
  61  8:03  Drone  
  61  8:09  Baneling x3  
  61  8:11  Queen  
  63  8:14  Queen  
  65  8:21  Roach  
  65  8:22  Roach x7  
  81  8:32  Zergling x2  
  81  8:33  Zergling x6  
  85  8:35  Centrifical Hooks  
  85  8:38  Spore Crawler  
  85  8:39  Spine Crawler  
  83  8:47  Queen  
  85  8:50  Queen, Spine Crawler  
  85  8:53  Drone  
  85  8:54  Drone x3  
  89  9:03  Zergling x2  
  89  9:04  Zergling x6  
  93  9:13  Extractor  
  93  9:15  Extractor  
  91  9:19  Overlord  
  91  9:20  Mutalisk  
  91  9:21  Mutalisk x6  
Show
View Real Time Build Order
Export as new Build Order

Starfury Protoss 

Build Orders: 1 Gate Expand 

Get SALT Encoding   

  12  0:01  Probe (Chrono Boost)  
  13  0:18  Probe (Chrono Boost)  
  13  0:20  Pylon  
  14  0:28  Assimilator  
  14  0:29  Probe (Chrono Boost)  
  15  0:39  Probe (Chrono Boost)  
  16  0:48  Gateway  
  16  0:51  Probe (Chrono Boost)  
  17  1:01  Probe (Chrono Boost)  
  18  1:12  Probe (Chrono Boost)  
  19  1:30  Nexus  
  19  1:38  Cybernetics Core  
  19  1:43  Pylon  
  19  1:48  Zealot  
  19  1:52  Probe (Chrono Boost)  
  22  1:56  Assimilator  
  21  2:10  Pylon  
  19  2:26  Pylon  
  19  2:31  Adept  
  18  3:17  Adept  
  19  3:20  Mothership Core (Chrono Boost)  
  22  3:41  Probe (Chrono Boost)  
  22  3:45  Probe (Chrono Boost)  
  23  3:53  Probe (Chrono Boost)  
  25  3:55  Probe (Chrono Boost)  
  25  3:59  Gateway  
  25  4:05  Probe (Chrono Boost)  
  25  4:07  Probe (Chrono Boost)  
  28  4:17  Probe (Chrono Boost)  
  28  4:18  Probe (Chrono Boost)  
  29  4:27  Probe (Chrono Boost)  
  29  4:29  Pylon  
  29  4:30  Probe (Chrono Boost)  
  31  4:38  Probe (Chrono Boost)  
  32  4:40  Probe (Chrono Boost)  
  33  4:48  Probe (Chrono Boost)  
  33  4:51  Probe (Chrono Boost), Adept  
  37  4:59  Probe (Chrono Boost)  
  37  5:01  Probe (Chrono Boost)  
  29  5:10  Probe (Chrono Boost)  
  29  5:12  Probe (Chrono Boost)  
  28  5:20  Probe (Chrono Boost)  
  29  5:23  Probe (Chrono Boost)  
  25  5:31  Probe (Chrono Boost)  
  25  5:33  Probe (Chrono Boost)  
  27  5:41  Probe (Chrono Boost)  
  28  5:44  Probe (Chrono Boost)  
  29  5:51  Stalker  
  29  5:52  Probe (Chrono Boost), Stalker  
  29  5:54  Probe (Chrono Boost)  
  35  6:00  Pylon  
  35  6:02  Probe (Chrono Boost)  
  36  6:05  Probe (Chrono Boost)  
  37  6:12  Pylon  
  37  6:14  Probe (Chrono Boost)  
  37  6:15  Probe (Chrono Boost)  
  39  6:31  Twilight Council  
  39  6:43  Assimilator  
  39  6:44  Warp Gate  
  39  6:46  Assimilator  
  39  6:51  Probe x2 (Chrono Boost)  
  41  7:08  Probe x2 (Chrono Boost)  
  43  7:20  Robotics Facility  
  43  7:23  Dark Shrine  
  43  7:25  Gateway  
  43  7:26  Gateway  
  43  7:29  Probe x2 (Chrono Boost)  
  37  8:06  Probe x2 (Chrono Boost)  
  39  8:16  Probe (Chrono Boost)  
  39  8:17  Probe (Chrono Boost)  
  39  8:19  Warp Prism  
  44  8:27  Probe x2 (Chrono Boost)  
  45  8:37  Probe (Chrono Boost)  
  45  8:38  Probe (Chrono Boost)  
  47  8:48  Probe x2 (Chrono Boost)  
  46  9:13  Dark Templar x4  
  46  9:16  Probe x2 (Chrono Boost)  
  56  9:26  Probe (Chrono Boost)  
  56  9:27  Probe (Chrono Boost)  
  58  9:36  Pylon  
  58  9:37  Probe (Chrono Boost)  
  59  9:39  Probe (Chrono Boost)  
  60  9:47  Probe (Chrono Boost)  
Tags
 
Add a new tag
Caveats
  • Supply blocks, unpowered buildings, or Contaminate may cause inaccurate times.
  • Supply counts are checked every 10 seconds.